 Dungeon Crawl Stone Soup version 0.19-a0-1937-g70ed36a (webtiles) character file.

28 TheGoonsmith the Magician (level 3, -1/24 HPs)
             Began as a Demonspawn Wizard on Oct 27, 2016.
             Slain by a jackal (3 damage)
             ... on level 1 of the Dungeon.
             The game lasted 00:01:49 (1235 turns).

TheGoonsmith the Magician (Demonspawn Wizard)       Turns: 1235, Time: 00:01:49

Health: -1/24      AC:  2    Str:  7    XL:     3   Next: 0%
Magic:  0/7        EV: 12    Int: 19    God:
Gold:   16         SH:  0    Dex: 12    Spells: 1 memorised, 7 levels left

rFire  . . .     SeeInvis .     e - +0 club
rCold  . . .     Gourm    .     a - +0 robe
rNeg   . . .     Faith    .     (no shield)
rPois  .         Spirit   .     b - +0 hat
rElec  .         Reflect  .     (no cloak)
rCorr  .         Harm     .     (no gloves)
MR     .....                    (no boots)
Stlth  ++........               (no amulet)
                                (no ring)
                                (no ring)

@: very slightly contaminated
A: antennae 1, powered by death 1
a: no special abilities


You were on level 1 of the Dungeon.
You were hungry.

You visited 1 branch of the dungeon, and saw 1 of its levels.

You collected 16 gold pieces.

Inventory:

Hand Weapons
 e - a +0 club (weapon)
Armour
 a - a +0 robe (worn)
 b - a +0 hat (worn)
Jewellery
 l - an uncursed amulet of the gourmand {unknown}
Scrolls
 g - 3 scrolls of amnesia {unknown}
 h - 2 scrolls of identify {unknown}
 k - a scroll of immolation {unknown}
 m - a scroll of remove curse {unknown}
 n - a scroll of fog {unknown}
Potions
 f - 4 potions of heal wounds {unknown}
 i - a potion of might {unknown}
 j - a potion of haste {unknown}
Books
 c - a book of Minor Magic

   Spells                             Type                      Level
   a - Magic Dart                     Conjuration                  1
   b - Blink                          Translocation                2
   c - Call Imp                       Summoning                    2
   d - Repel Missiles                 Charms/Air                   2
   e - Slow                           Hexes                        2
   f - Conjure Flame                  Conjuration/Fire             3
   g - Mephitic Cloud                 Conjuration/Poison/Air       3
Comestibles
 d - a bread ration


   Skills:
 - Level 1.7 Dodging
 - Level 1.7 Stealth
 + Level 3.4 Spellcasting
 * Level 2.3 Conjurations
   Level 1.0 Summonings
   Level 0.8 Translocations


You had 7 spell levels left.
You knew the following spells:

 Your Spells              Type           Power        Failure   Level  Hunger
a - Magic Dart            Conj           ##..         8%          1    None


Dungeon Overview and Level Annotations

Branches:
Dungeon (1/15)

Altars:


Innate Abilities, Weirdness & Mutations

You have a pair of small antennae on your head.
You regenerate a little health from kills.


Message History

You kill the jackal!
You have reached level 3!
Your experience leads to an increase in your attributes!
Increase (S)trength, (I)ntelligence, or (D)exterity?
You feel agile.
Your demonic ancestry asserts itself...
A wave of death washes over you. The jackal barely misses you.
The jackal closely misses you. The jackal barely misses you.
You see here a jackal corpse.
You hit the jackal but do no damage. The jackal bites you.
* * * LOW HITPOINT WARNING * * *
The jackal bites you.
* * * LOW HITPOINT WARNING * * *
Casting: Magic Dart
Confirm with . or Enter, or press ? or * to list all spells.
Aiming: Magic Dart
Press: ? - help, Shift-Dir - straight line, f - jackal
Aim: a jackal The magic dart hits the jackal.
The jackal bites you.
You die...

.##..#
#............#
.....#
#.....#..###.#
####.# #..#.#...#
#.####..#.##..###
### #
#....)..............
#
######.......##.#.#
## # #...#..## ...
.. # #....)h###.##
#.
#########..#..hh@.#
#.
#..........########
#. #.####.....# #.
#.# #.....# #. #.#
#.....# #. #.#
#.....# #. #.#
###.### #. #.#
###.### #. #.#
#.....# #.


You could see 3 jackals.

Vanquished Creatures
  An ooze (D:1)
  2 bats (D:1)
  A giant cockroach (D:1)
  2 goblins (D:1)
  4 hobgoblins (D:1)
  5 jackals (D:1)
  A kobold (D:1)
  4 frilled lizards (D:1)
  A rat (D:1)
21 creatures vanquished.

Notes
Turn   | Place    | Note
-------+----------+-------------------------------------------
     0 | D:1      | TheGoonsmith the Demonspawn Wizard began the quest for the Orb.
     0 | D:1      | Reached XP level 1. HP: 13/13 MP: 4/4
   324 | D:1      | Gained mutation: You have a pair of small antennae on your head. [demonic ancestry]
   324 | D:1      | Reached XP level 2. HP: 19/19 MP: 4/6
  1232 | D:1      | Gained mutation: You regenerate a little health from kills. [demonic ancestry]
  1232 | D:1      | Reached XP level 3. HP: 5/24 MP: 0/7
  1235 | D:1      | Slain by a jackal

Vault maps used:
D:1:      lightli_arrival_lavapool

Skill      XL: |  1  2 |
---------------+-------+-----
Conjurations   | 2 |  2.3
Dodging        | |  1.7
Stealth        | |  1.7
Spellcasting   | |  3.4
Summonings     | |  1.0
Translocations | |  0.8

Action                   || total
-------------------------++-------
Melee: Club              ||    33
 Cast: Magic Dart        ||    47
Armor: Robe              ||    19
Dodge: Dodged            ||    59
